 Dungeon Crawl Stone Soup version 0.23.0-3-gf3c87f2 (webtiles) character file.

Game seed: 6762204682813893098

16272 tatocazan the Arsonist (level 12, -6/59 HPs)
             Began as a Deep Elf Fire Elementalist on Feb 24, 2019.
             Was an Elder of Vehumet.
             Mangled by a black mamba (17 damage)
             ... on level 1 of the Lair of Beasts.
             The game lasted 00:46:38 (20458 turns).

tatocazan the Arsonist (DEFE)                      Turns: 20458, Time: 00:46:38

Health: -6/59      AC:  8    Str:  5    XL:     12   Next: 8%
Magic:  26/38      EV: 18    Int: 28    God:    Vehumet [****..]
Gold:   704        SH:  6    Dex: 15    Spells: 13/34 levels left

rFire    . . .     SeeInvis .   x - +6 mace "Killer Klown's Regret" {venom, Int+2}
rCold    + . .     Gourm    .   (no shield)
rNeg     . . .     Faith    .   E - +3 leather armour {rPois}
rPois    +         Spirit   .   z - +0 helmet
rElec    .         Reflect  +   (no cloak)
rCorr    .         Harm     .   j - +0 pair of gloves
MR       +....                  (no boots)
Stlth    +++.......             l - +6 amulet of reflection
HPRegen  0.19/turn              d - ring of protection from cold
MPRegen  0.26/turn              y - ring of magical power

@: lethally poisoned (-6 -> -17)
A: no striking features
a: Renounce Religion


You were on level 1 of the Lair of Beasts.
You worshipped Vehumet.
Vehumet was greatly pleased with you.
You were not hungry.

You visited 3 branches of the dungeon, and saw 14 of its levels.

You collected 704 gold pieces.

Inventory:

Hand Weapons
 e - a +4 spear
 x - the +6 mace "Killer Klown's Regret" (weapon) {venom, Int+2}
   (You found it on level 4 of the Dungeon)

   It poisons the flesh of those it strikes.
   It affects your intelligence (+2).
Missiles
 s - 5 throwing nets (quivered)
Armour
 j - a +0 pair of gloves (worn)
 z - a +0 helmet (worn)
 D - a +2 robe of magic resistance
 E - a +3 leather armour of poison resistance (worn)
 M - a +0 shield
 P - the cursed +0 leather armour of Nemelex Xobeh's Hatred {Int+2 Dex-3 Slay+2}
   (You found it on level 9 of the Dungeon)

   It affects your intelligence (+2).
   It affects your dexterity (-3).
   It affects your accuracy and damage with ranged weapons and melee attacks
   (+2).
   It has a curse placed upon it.
Jewellery
 d - a ring of protection from cold (left hand)
 k - an uncursed ring of flight
 l - a +6 amulet of reflection (around neck)
 y - a ring of magical power (right hand)
 I - an uncursed amulet of rage {unknown}
 L - an uncursed ring of stealth
Wands
 w - a wand of flame (19)
 R - a wand of polymorph (7)
Scrolls
 b - a scroll of teleportation
 h - 15 scrolls of identify
 i - 2 scrolls of enchant armour {unknown}
 n - a scroll of enchant weapon
 o - a scroll of immolation
 p - 5 scrolls of remove curse
 v - a scroll of fear {unknown}
 G - a scroll of vulnerability
 J - 2 scrolls of amnesia {unknown}
Potions
 f - 2 potions of haste
 g - 2 potions of brilliance
 m - 2 potions of resistance
 q - 5 potions of curing
 t - 2 potions of agility {unknown}
 u - 3 potions of flight {unknown}
 A - a potion of mutation {unknown}
 B - a potion of heal wounds {unknown}
 C - a potion of lignification {unknown}
 K - 2 potions of magic {unknown}
 N - 2 potions of cancellation {unknown}
 O - a potion of berserk rage {unknown}
 S - a potion of might {unknown}
 T - a potion of experience {unknown}
Comestibles
 c - 14 rations


   Skills:
 + Level 10.7 Dodging
 - Level 5.0 Stealth
 + Level 11.6 Spellcasting
 + Level 9.6 Conjurations
 * Level 13.5 Fire Magic


You had 13 spell levels left.
You knew the following spells:

 Your Spells              Type           Power        Failure   Level  Hunger
a - Flame Tongue          Conj/Fire      #####        1%          1    None
b - Throw Flame           Conj/Fire      ######       1%          2    None
c - Conjure Flame         Conj/Fire      ######..     1%          3    None
d - Sticky Flame          Conj/Fire      ######..     1%          4    None
e - Fireball              Conj/Fire      ######....   1%          5    ###....
f - Gell's Gravitas       Tloc           ###.......   17%         3    None
g - Ignite Poison         Fire/Tmut/Pois #####...     1%          3    None

Your spell library contained the following spells:

 Spells                   Type           Power        Failure   Level  Hunger
 Venom Bolt               Conj/Pois      #####.....   6%          5    ###....
 Magic Dart               Conj           ####         1%          1    None
 Shock                    Conj/Air       ####         1%          1    None
 Searing Ray              Conj           ######       1%          2    None
 Dazzling Spray           Conj/Hex       #####.       1%          3    None
 Inner Flame              Hex/Fire       ######..     1%          3    None
 Static Discharge         Conj/Air       #####...     1%          3    None
 Iskenderun's Mystic Bla  Conj           ######..     1%          4    None
 Force Lance              Conj/Tloc      #####...     2%          4    None
 Fulminant Prism          Conj/Hex       #####.....   2%          4    None
 Confusing Touch          Hex            ###...       5%          1    None
 Corona                   Hex            ###....      5%          1    None
 Lightning Bolt           Conj/Air       #####.....   6%          5    ###....
 Ensorcelled Hibernation  Hex/Ice        ###...       9%          2    None
 Swiftness                Chrm/Air       ###.....     9%          2    None
 Airstrike                Air            ###.......   16%         4    None
 Confuse                  Hex            ###.....     17%         3    None
 Tukima's Dance           Hex            ###.....     17%         3    None
 Yara's Violent Unravell  Hex/Tmut       ###.......   36%         5    ###....
 Petrify                  Tmut/Erth      ###.....     50%         4    None
 Metabolic Englaciation   Hex/Ice        ###.......   83%         5    ###....


Dungeon Overview and Level Annotations

Branches:
Dungeon (11/15)            Temple (1/1) D:4            Lair (2/6) D:9
  Snake (0/4) Lair:2          Orc (0/2) D:11
  Swamp: Lair:2-4    Shoals: Lair:2-4

Altars:
Cheibriados
Elyvilon
Nemelex Xobeh
Trog
Vehumet
Yredelemnul
Zin
The Shining One

Shops:
D:8 (

Annotations:
D:5 2 transporters
D:7 Harold
Lair:2 Gastronok


Message History

The black mamba is covered in liquid flames!
The black mamba burns!
The black mamba bites you but does no damage.
The black mamba completely misses you.
You now have 24/38 mp.
The black mamba burns!
The black mamba burns!
The black mamba bites you!
You are poisoned.
The black mamba poisons you!
You take 10 damage, and have 27/59 hp.
You feel sick.
The black mamba burns!
The black mamba bites you!
* * * LOW HITPOINT WARNING * * *
You take 13 damage, and have 14/59 hp.
MASSIVE DAMAGE!!
* * * LOW HITPOINT WARNING * * *
You feel sick.
The black mamba burns!
The black mamba closely misses you.
You take 1 damage, and have 13/59 hp.
* * * LOW HITPOINT WARNING * * *
You feel sick.
The black mamba burns!
The black mamba stops burning.
The black mamba bites you!
You die...

### ###... ###... ##.....
#.#.... ##....# ##....#
#####################...#)#
#.....##.....#..##..#..####
#.........@S........#...P#.
#..................##......
#..............>....#......
#..............[...........
#....#...(.................
#..##.##>...##..##.........
###########.#####....#.....
### #.#...#......
##...#.......


You could see a black mamba.

Vanquished Creatures
  2 hydras (Lair:1)
  3 two-headed ogres
  Nergalle (D:11)
  Pikel (D:6)
  An ugly thing (D:10)
  An elephant (Lair:2)
  A gargoyle (D:11)
  A komodo dragon (Lair:1)
  Grinder (D:3)
  2 hippogriffs
  Sigmund (D:5)
  A wyvern (D:10)
  Eustachio (D:5)
  20 yaks
  A steam dragon (D:9)
  Menkaure (D:7)
  2 nagas (Lair:2)
  Edmund (D:6)
  7 water moccasins
  3 porcupines (Lair:1)
  A sky beast (D:7)
  2 orc warriors (D:8)
  5 ice beasts
  5 black bears
  7 ogres
  A phantom (D:5)
  3 centaurs
  A crocodile (Lair:1)
  Blork the orc (D:5)
  8 bullfrogs
  11 wights
  2 howler monkeys
  7 crimson imps
  A bullfrog zombie (D:9)
  A quasit (D:8)
  A centaur zombie (D:6)
  2 hounds
  6 orc priests
  2 jellies (D:10)
  2 bullfrog skeletons
  2 centaur skeletons
  Crazy Yiuf (D:2)
  Terence (D:2)
  Jessica (D:2)
  3 iguanas
  8 worker ants
  Natasha (thrice) (D:3)
  14 orc wizards
  A hound zombie (D:10)
  A hound skeleton (D:7)
  A howler monkey zombie (D:10)
  A worker ant zombie (D:7)
  13 adders
  7 gnolls
  2 river rats (D:3)
  3 shadow imps
  An ooze (D:2)
  An adder skeleton (D:7)
  3 worms
  2 dart slugs
  5 leopard geckos
  33 orcs
  9 bats
  8 giant cockroaches
  11 goblins
  6 hobgoblins
  4 jackals
  6 kobolds
  4 quokkas
  3 ball pythons
  A ball python skeleton (D:6)
  9 frilled lizards
  A jackal zombie (D:5)
  17 rats
307 creatures vanquished.

Vanquished Creatures (others)
  A centaur (D:9)
  A crimson imp (D:6)
  9 fungi (Lair:2)
11 creatures vanquished.

Grand Total: 318 creatures vanquished

Notes
Turn   | Place    | Note
-------+----------+-------------------------------------------
     0 | D:1      | tatocazan the Deep Elf Fire Elementalist began the quest
                  | for the Orb.
     0 | D:1      | Reached XP level 1. HP: 10/10 MP: 6/6
   315 | D:1      | Reached XP level 2. HP: 8/15 MP: 2/8
   526 | D:1      | Learned a level 2 spell: Throw Flame
  1247 | D:2      | Reached XP level 3. HP: 12/19 MP: 2/9
  1424 | D:2      | Noticed Terence
  1645 | D:2      | Reached skill level 4 in Fire Magic
  1888 | D:2      | Noticed Jessica
  1890 | D:2      | Killed Jessica
  1890 | D:2      | Reached XP level 4. HP: 24/24 MP: 5/11
  1895 | D:2      | Learned a level 3 spell: Conjure Flame
  1944 | D:2      | Learned a level 4 spell: Sticky Flame
  2087 | D:2      | Found a runed translucent door.
  2088 | D:2      | Noticed Crazy Yiuf
  2175 | D:3      | Noticed Grinder
  2242 | D:2      | Killed Terence
  3165 | D:2      | Killed Crazy Yiuf
  3165 | D:2      | Reached XP level 5. HP: 16/28 MP: 7/12
  4100 | D:3      | HP: 1/28 [gnoll/+0 flail (8)]
  4752 | D:3      | Noticed Natasha
  4756 | D:3      | Killed Natasha
  4756 | D:3      | Reached skill level 5 in Fire Magic
  4812 | D:3      | Noticed Natasha
  4818 | D:3      | Killed Natasha
  4902 | D:3      | Noticed Natasha
  4922 | D:3      | Killed Natasha
  4922 | D:3      | Reached XP level 6. HP: 29/32 MP: 7/14
  5361 | D:3      | Paralysed by Grinder for 2 turns
  5546 | D:3      | Killed Grinder
  5605 | D:3      | Reached XP level 7. HP: 32/36 MP: 7/16
  5941 | D:3      | Reached skill level 6 in Fire Magic
  6015 | D:3      | You fall through a shaft for 3 floors!
  6044 | D:6      | Reached skill level 5 in Spellcasting
  6146 | D:6      | Noticed Edmund
  6224 | D:6      | Reached skill level 5 in Stealth
  6536 | D:6      | Killed Edmund
  6536 | D:6      | Reached skill level 5 in Dodging
  6855 | D:6      | Reached skill level 7 in Fire Magic
  6855 | D:6      | Reached XP level 8. HP: 41/41 MP: 12/18
  6857 | D:6      | Found a glowing golden altar of the Shining One.
  7028 | D:6      | Learned a level 5 spell: Fireball
  7169 | D:5      | Entered Level 5 of the Dungeon
  7226 | D:5      | Noticed Blork the orc
  7234 | D:5      | Killed Blork the orc
  7334 | D:5      | Noticed Sigmund
  7342 | D:5      | Killed Sigmund
  7742 | D:5      | Noticed Eustachio
  7757 | D:5      | Killed Eustachio
  7757 | D:5      | Reached skill level 5 in Conjurations
  8117 | D:5      | Found a transporter.
  8159 | D:4      | Reached skill level 8 in Fire Magic
  8376 | D:4      | Found a staircase to the Ecumenical Temple.
  8404 | Temple   | Entered the Ecumenical Temple
  8431 | Temple   | Became a worshipper of Vehumet
  8564 | D:4      | Got a bloodstained mace
  8570 | D:4      | Identified the +6 mace "Killer Klown's Regret" {venom,
                  | Int+2} (You found it on level 4 of the Dungeon)
  8698 | D:4      | Found a bloodstained altar of Trog.
  9507 | D:3      | Reached * piety under Vehumet
  9507 | D:3      | Offered knowledge of Shock by Vehumet.
  9657 | D:5      | Found a transporter.
  9960 | D:5      | Reached XP level 9. HP: 45/45 MP: 21/21
 10767 | D:6      | Noticed Pikel
 10896 | D:6      | Found a sparkling altar of Nemelex Xobeh.
 10939 | D:6      | Reached skill level 9 in Fire Magic
 11448 | D:6      | Killed Pikel
 12173 | D:7      | Learned a level 3 spell: Gell's Gravitas
 12249 | D:7      | Reached skill level 10 in Fire Magic
 12688 | D:7      | Noticed Harold
 13287 | D:7      | Noticed Menkaure
 13289 | D:7      | Killed Menkaure
 13398 | D:8      | Reached XP level 10. HP: 50/50 MP: 23/24
 13477 | D:8      | Reached ** piety under Vehumet
 13878 | D:8      | Found Zigokeel's Antique Weapon Shoppe.
 13910 | D:8      | Offered knowledge of Throw Frost by Vehumet.
 14421 | D:9      | Found a staircase to the Lair.
 15068 | D:9      | Got a jewelled leather armour
 15069 | D:9      | Identified the cursed +0 leather armour of Nemelex Xobeh's
                  | Hatred {Int+2 Dex-3 Slay+2} (You found it on level 9 of the
                  | Dungeon)
 15235 | D:9      | Reached skill level 11 in Fire Magic
 15257 | D:9      | Offered knowledge of Ignite Poison by Vehumet.
 15355 | D:9      | Learned a level 3 spell: Ignite Poison
 15669 | D:9      | Noticed a two-headed ogre
 15676 | D:9      | Killed a two-headed ogre
 15736 | D:9      | Noticed a two-headed ogre
 15741 | D:9      | Killed a two-headed ogre
 15741 | D:9      | Reached skill level 10 in Spellcasting
 16002 | D:10     | Entered Level 10 of the Dungeon
 16110 | D:10     | Reached *** piety under Vehumet
 16209 | D:10     | Noticed a two-headed ogre
 16214 | D:10     | Killed a two-headed ogre
 16214 | D:10     | Reached XP level 11. HP: 54/54 MP: 20/27
 16940 | D:10     | Reached skill level 12 in Fire Magic
 16962 | D:10     | Offered knowledge of Throw Icicle by Vehumet.
 17294 | D:11     | Noticed Nergalle
 17327 | D:11     | Killed Nergalle
 17391 | D:11     | Noticed a purple ugly thing
 17409 | D:10     | Killed a purple ugly thing
 18052 | D:11     | Found a staircase to the Orcish Mines.
 18180 | D:11     | Noticed a tengu reaver
 18180 | D:11     | Noticed a green ugly thing
 18797 | Lair:1   | Entered Level 1 of the Lair of Beasts
 18836 | Lair:1   | Reached skill level 10 in Dodging
 18975 | Lair:1   | Noticed a four-headed hydra
 18980 | Lair:1   | Killed a four-headed hydra
 19008 | Lair:1   | Noticed a seven-headed hydra
 19012 | Lair:1   | Killed a seven-headed hydra
 19042 | Lair:1   | Reached skill level 13 in Fire Magic
 19229 | Lair:1   | Reached **** piety under Vehumet
 19526 | Lair:1   | Offered knowledge of Venom Bolt by Vehumet.
 19907 | Lair:2   | Noticed Gastronok
 20227 | Lair:2   | Found a staircase to the Snake Pit.
 20288 | Lair:2   | Reached XP level 12. HP: 46/59 MP: 12/29
 20458 | Lair:1   | Mangled by a black mamba

Skill      XL: |  1  2  3  4  5  6  7  8  9 10 11 |
---------------+----------------------------------+-----
Stealth        | 3 4 5 |  5.0
Fire Magic     | 4 5 7 8 10 11 13 | 13.5
Dodging        | 3 4 5 6 7 9 10 | 10.7
Conjurations   | 2 3 4 5 6 8 9 |  9.6
Spellcasting   | 4 5 7 8 10 11 | 11.6

Action                   |  1- 3 |  4- 6 |  7- 9 | 10-12 || total
-------------------------+-------+-------+-------+-------++-------
Melee: Unarmed           |       |    46 |       |       ||    46
       Spear             |       |       |    42 |       ||    42
       Mace              |       |       |   180 |    95 ||   275
 Cast: Flame Tongue      |    37 |    50 |    60 |    67 ||   214
       Throw Flame       |    17 |    39 |    50 |    72 ||   178
       Sticky Flame      |       |    11 |    30 |    37 ||    78
       Conjure Flame     |       |     4 |    11 |     2 ||    17
       Fireball          |       |       |    11 |    63 ||    74
       Gell's Gravitas   |       |       |     1 |     9 ||    10
       Ignite Poison     |       |       |       |     2 ||     2
  Use: Scroll            |       |     2 |     4 |    10 ||    16
       Potion            |       |       |     1 |       ||     1
 Stab: Sleeping          |       |     3 |    12 |     2 ||    17
  Eat: Chunk             |     3 |    10 |    20 |    21 ||    54
       Ration            |       |     1 |     3 |     3 ||     7
Armor: Robe              |     5 |    11 |    47 |    14 ||    77
       Leather armour    |       |       |       |     3 ||     3
Dodge: Dodged            |    12 |    52 |   157 |    94 ||   315
Block: Other             |     1 |    23 |    66 |    39 ||   129
       Reflection        |       |     3 |     3 |     2 ||     8
